 Dungeon Crawl Stone Soup version 0.16-a0-3308-g116f5c4 (webtiles) character file.

130 Kemay the Insei (level 5, -3/29 HPs)
             Began as an Octopode Transmuter on Dec 26, 2014.
             Slain by bitcomrade's ghost (14 damage)
             ... on level 3 of the Dungeon.
             The game lasted 00:06:02 (2199 turns).

Kemay the Insei (Octopode Transmuter)               Turns: 2199, Time: 00:06:02

Health: -3/29      AC:  1    Str: 10    XL:     5   Next: 14%
Magic:  7/9        EV: 14    Int: 15    God:
Gold:   82         SH:  0    Dex: 13    Spells: 1 memorised, 7 levels left

rFire  . . .     SeeInvis .       - Unarmed
rCold  . . .     Clarity  .     (no shield)
rNeg   . . .     SustAb   .     (helmet restricted)
rPois  .         Gourm    .     (no amulet)
rElec  .         Spirit   .     (no ring)
rCorr  .         Warding  .     (no ring)
rMut   .         Stasis   .     (no ring)
MR     .....                    (no ring)
Stlth  ++........               (no ring)
                                (no ring)
                                (no ring)
                                (no ring)

@: appendage, not resistant to hostile enchantments, unstealthy
A: almost no armour, amphibious, 8 rings, constrict 8, tentacle spike 3,
camouflage 1, blurry vision 1, deterioration 1, frail 1, gelatinous body 1
a: End Transformation


You were on level 3 of the Dungeon.
You were not hungry.
One of your tentacles had a temporary spike.
You visited 1 branch of the dungeon, and saw 3 of its levels.

You collected 82 gold pieces.

Inventory:

Scrolls
 k - a scroll of remove curse
Potions
 b - a potion of brilliance
 e - a potion of curing
Books
 d - a book of Changes

   Spells                             Type                      Level
   a - Beastly Appendage              Transmutation                1
   b - Sticks to Snakes               Transmutation                2
   c - Spider Form                    Transmutation/Poison         3
   d - Ice Form                       Ice/Transmutation            4
   e - Blade Hands                    Transmutation                5
Comestibles
 a - 2 bread rations
 c - 11 chunks of flesh
 g - a beef jerky
 i - a slice of pizza


   Skills:
 - Level 1.0 Fighting
 + Level 4.1 Dodging
 + Level 4.2 Unarmed Combat
 - Level 2.0 Spellcasting
 - Level 2.0 Transmutations


You had 7 spell levels left.
You knew the following spells:

 Your Spells              Type           Power        Failure   Level  Hunger
a - Beastly Appendage     Trmt           #.....       12%         1    #......


Dungeon Overview and Level Annotations

Branches:
Dungeon (3/15)

Altars:
Makhleb
Nemelex Xobeh
Qazlal
The Shining One

Annotations:
D:3 bitcomrade's ghost, weakling HuFi


Innate Abilities, Weirdness & Mutations

You cannot wear most types of armour.
You are amphibious.
You can wear up to eight rings at the same time.
You can use your tentacles to constrict many enemies at once.
Your skin changes colour to match your surroundings (Stealth).
Your rubbery body absorbs attacks (AC +1).
One of your tentacles bears a large vicious spike.
Scrolls take you a little longer to read.
Your body is slowly deteriorating.
You are frail (-10% HP).


Message History

Confirm with . or Enter, or press ? or * to list all spells.
One of your tentacles grows a vicious spike.
Bitcomrade's ghost closely misses you.
You barely miss bitcomrade's ghost. Bitcomrade's ghost hits you!
Drink which item? (? for menu, Esc to quit)
It was a potion of cancellation.
Your magical effects are unravelling.
You feel magically purged. Bitcomrade's ghost misses you.
Drink which item? (? for menu, Esc to quit)
It was a potion of mutation.
You feel extremely strange.
Your vision blurs.
You feel yourself wasting away.
You feel frail.
Your tentacle spike disappears.
Bitcomrade's ghost closely misses you.
Casting: Beastly Appendage
Confirm with . or Enter, or press ? or * to list all spells.
One of your tentacles grows a vicious spike.
Bitcomrade's ghost closely misses you.
You tentacle-slap bitcomrade's ghost but do no damage.
Bitcomrade's ghost hits you!
You die...

#######.###### #.#
............>.# #.#
####.###.####.# #.#
..#......# #)# #.#
#.#..##### #.# #.#
#.#..#§## #.# ###.####
#.#...#§## #.###.......
#.....§#W# #.......#### .
#.#...§@## #####.### ...
#.#..#§####### #.#
#.....###)#..#.......####.#
........).#..#####........#
#.....#####..# #.#.######
#.. #..# #.#.# # #..#
###.#.# .#.. ..#.#.#
#.##.#.#.#


You could see bitcomrade's ghost.

Vanquished Creatures
  3 orc wizards (D:3)
  A worm (D:2)
  A giant gecko (D:1)
  An ooze (D:3)
  2 orcs (D:3)
  2 giant cockroaches
  9 goblins
  3 hobgoblins
  3 ball pythons
  9 bats
  A giant newt (D:3)
  5 kobolds
  2 rats
42 creatures vanquished.

Notes
Turn   | Place    | Note
--------------------------------------------------------------
     0 | D:1      | Kemay, the Octopode Transmuter, began the quest for the Orb.
     0 | D:1      | Reached XP level 1. HP: 13/13 MP: 3/3
   384 | D:1      | Reached XP level 2. HP: 16/18 MP: 2/4
   514 | D:1      | Found a sparkling altar of Nemelex Xobeh.
  1132 | D:2      | Found a stormy altar of Qazlal.
  1308 | D:2      | Reached XP level 3. HP: 23/23 MP: 6/6
  1580 | D:2      | Found a burning altar of Makhleb.
  1580 | D:2      | Noticed a balrug
  1704 | D:2      | Found a glowing golden altar of the Shining One.
  1735 | D:2      | Noticed a neqoxec
  1735 | D:2      | Noticed a hellwing
  2053 | D:3      | Reached XP level 4. HP: 23/28 MP: 4/7
  2072 | D:3      | Reached skill level 4 in Unarmed Combat
  2090 | D:3      | Reached XP level 5. HP: 8/33 MP: 7/9
  2182 | D:3      | Noticed bitcomrade's ghost (weakling HuFi)
  2197 | D:3      | Gained mutation: Scrolls take you a little longer to read. [potion of mutation]
  2197 | D:3      | Gained mutation: Your body is slowly deteriorating. [potion of mutation]
  2197 | D:3      | Gained mutation: You are frail (-10% HP). [potion of mutation]
  2199 | D:3      | Slain by bitcomrade's ghost

Action                   |  1- 3 |  4- 6 || total
-------------------------+-------+-------++-------
Melee: Unarmed           |    81 |    28 ||   109
 Cast: Beastly Appendage |     3 |     4 ||     7
  Use: Scroll            |    11 |     1 ||    12
       Potion            |       |     4 ||     4
 Stab: Sleeping          |     6 |       ||     6
  Eat: Chunk             |     3 |     1 ||     4
